 Dungeon Crawl Stone Soup version 0.18.1-2-ga659475 (webtiles) character file.

156 IcyTea the Slasher (level 5, -6/32 HPs)
             Began as a Tengu Fighter on May 8, 2016.
             Killed from afar by Suckerboh's ghost (7 damage)
             ... with a magic dart
             ... on level 3 of the Dungeon.
             The game lasted 00:10:56 (2821 turns).

IcyTea the Slasher (Tengu Fighter)                  Turns: 2821, Time: 00:10:56

Health: -6/32      AC:  6    Str: 19 (22) XL:     5   Next: 37%
Magic:  6/6        EV:  7    Int:  7 (8)  God:
Gold:   236        SH:  9    Dex: 12 (14) Spells: 0 memorised, 4 levels left

rFire  . . .     SeeInvis .     a - +0 long sword
rCold  . . .     Gourm    .     b - +0 scale mail
rNeg   . . .     Faith    .     c - +0 shield
rPois  .         Spirit   .     (helmet restricted)
rElec  .         Dismiss  .     (no cloak)
rCorr  .         Reflect  .     (no gloves)
SustAt .         Harm     .     (boots unavailable)
MR     .....                    (no amulet)
Stlth  ..........               (no ring)
                                (no ring)

@: mighty, about to teleport, not resistant to hostile enchantments, extremely
unstealthy
A: beak, talons 3, able to fly 1
a: Fly


You were on level 3 of the Dungeon.
You were hungry.

You visited 1 branch of the dungeon, and saw 4 of its levels.

You collected 236 gold pieces.

Inventory:

Hand Weapons
 a - a +0 long sword (weapon)
Missiles
 l - 2 tomahawks (quivered)
Armour
 b - a +0 scale mail (worn)
 c - a +0 shield (worn)
Scrolls
 e - a scroll of remove curse
 h - a scroll of blinking
 i - 6 scrolls of identify
 k - 2 scrolls of teleportation
Potions
 m - a potion of cure mutation
Comestibles
 f - 2 bread rations
 g - a slice of pizza
 j - 4 meat rations


   Skills:
 - Level 3.0 Fighting
 + Level 5.9 Long Blades
 - Level 3.2 Armour
 - Level 3.0 Shields


You had 4 spell levels left.
You didn't know any spells.

Dungeon Overview and Level Annotations

Branches:
Dungeon (4/15)
 Temple: D:4-7

Altars:
Ashenzari
The Shining One

Annotations:
D:3 Suckerboh's ghost, amateur DECj


Innate Abilities, Weirdness & Mutations

You have a beak for a mouth.
You have claws for feet.
You can fly.


Message History

Suckerboh's ghost hits you.
* * * LOW HITPOINT WARNING * * *
x2 You closely miss Suckerboh's ghost.
Your kick misses Suckerboh's ghost.
Suckerboh's ghost is moderately damaged.
Suckerboh's ghost hits you.
* * * LOW HITPOINT WARNING * * *
Drink which item? (? for menu, Esc to quit)
Okay, then.
Drink which item? (? for menu, Esc to quit)
You feel very mighty all of a sudden. You block Suckerboh's ghost's attack.
Read which item? (? for menu, Esc to quit)
As you read the scroll of teleportation, it crumbles to dust.
You feel strangely unstable. Suckerboh's ghost hits you.
* * * LOW HITPOINT WARNING * * *
Suckerboh's ghost burns you.
* * * LOW HITPOINT WARNING * * *
Suckerboh's ghost points at you and mumbles some strange words.
The magic dart hits you!
You die...

#######################
#.....................#
#.###########.#######.####
#........ ...............
#.####### #.#.#######.###.
#######.#### #.#.# ##.# #.
...........######.#.###
#..# #.
#.>.###....†..........#
#.## #.
#.........###.#@##..#.# #.#
#. ...###...###.#.##..#.#
##.## #. .
#..[....W.##..#.###...###.
#..........##...........(.<
#................###...###.
#.#........##.#..###.#.###<
............#.#..##.###.##.
#..##.##............##
##...
#.##......(#..##.###.#..


You could see Suckerboh's ghost.

Vanquished Creatures
  A worker ant (D:4)
  3 gnolls (D:2)
  3 adders
  2 worms
  3 dart slugs
  A giant gecko (D:2)
  2 giant cockroaches (D:1)
  13 goblins
  12 hobgoblins
  6 jackals (D:2)
  8 kobolds
  5 bats
  2 giant newts (D:1)
  5 rats
66 creatures vanquished.

Notes
Turn   | Place    | Note
--------------------------------------------------------------
     0 | D:1      | IcyTea the Tengu Fighter began the quest for the Orb.
     0 | D:1      | Reached XP level 1. HP: 14/14 MP: 2/2
    88 | D:1      | Reached XP level 2. HP: 15/19 MP: 3/3
   104 | D:1      | Reached skill level 3 in Long Blades
   626 | D:1      | Reached XP level 3. HP: 22/23 MP: 4/4
   978 | D:1      | Reached skill level 4 in Long Blades
  1416 | D:2      | Found a glowing golden altar of the Shining One.
  1522 | D:2      | You fall through a shaft for 2 floors!
  1863 | D:4      | Reached XP level 4. HP: 23/28 MP: 5/5
  1882 | D:4      | Found a shattered altar of Ashenzari.
  2122 | D:2      | Reached skill level 5 in Long Blades
  2261 | D:2      | Gained mutation: You can fly. [Tengu growth]
  2261 | D:2      | Reached XP level 5. HP: 22/32 MP: 6/6
  2800 | D:3      | Noticed Suckerboh's ghost (amateur DECj)
  2820 | D:3      | HP: 1/32 [Suckerboh's ghost (2)]
  2821 | D:3      | Killed from afar by Suckerboh's ghost

Skill      XL: |  1  2  3  4 |
---------------+-------------+-----
Long Blades    | 3 4 5 |  5.9
Fighting       | |  3.0
Armour         | |  3.2
Shields        | |  3.0

Action                   |  1- 3 |  4- 6 || total
-------------------------+-------+-------++-------
Melee: Long sword        |    98 |   104 ||   202
       Kick              |    21 |    21 ||    42
       Peck              |    14 |    12 ||    26
  Use: Potion            |     5 |     3 ||     8
       Scroll            |     3 |     2 ||     5
  Eat: Chunk             |     2 |     4 ||     6
Armor: Scale mail        |    38 |    38 ||    76
Dodge: Dodged            |    24 |    19 ||    43
Block: Shield            |    45 |    43 ||    88
